 Dungeon Crawl Stone Soup version 0.17.0-7-gfadd4cc (console) character file.

38 gw the Vexing (level 3, -1/26 HPs)
             Began as a Human Arcane Marksman on Nov 8, 2015.
             Killed by nerve-wracking pain
             ... invoked by Jessica
              (2 damage)
             ... on level 3 of the Dungeon.
             The game lasted 00:01:28 (1346 turns).

gw the Vexing (Human Arcane Marksman)               Turns: 1346, Time: 00:01:28

Health: -1/26      AC:  5    Str: 11    XL:     3   Next: 65%
Magic:  6/6        EV: 12    Int: 14    God:
Gold:   84         SH:  0    Dex: 12    Spells: 1 memorised, 5 levels left

rFire  . . .     SeeInvis .     b - +0 short sword
rCold  . . .     Clarity  .     f - +2 leather armour {rN+}
rNeg   + . .     SustAt   .     (no shield)
rPois  .         Gourm    .     (no helmet)
rElec  .         Spirit   .     (no cloak)
rCorr  .         Warding  .     (no gloves)
rMut   .         Stasis   .     (no boots)
MR     .....                    (no amulet)
Stlth  +.........               (no ring)
                                (no ring)

@: not resistant to hostile enchantments, very unstealthy
A: no striking features
a: no special abilities


You were on level 3 of the Dungeon.
You were not hungry.

You visited 1 branch of the dungeon, and saw 3 of its levels.

You collected 84 gold pieces.

Inventory:

Hand Weapons
 b - a +0 short sword (weapon)
Missiles
 a - 63 stones
 c - 4 javelins (quivered)
 g - 2 throwing nets
 h - 11 poisoned needles
Armour
 f - a +2 leather armour of positive energy (worn)
Books
 d - a book of Debilitation

   Spells                             Type                      Level
   a - Corona                         Hexes                        1
   b - Slow                           Hexes                        2
   c - Gell's Gravitas                Hexes/Translocation          3
   d - Inner Flame                    Hexes/Fire                   3
   e - Cause Fear                     Hexes                        4
   f - Leda's Liquefaction            Hexes/Earth                  4
Comestibles
 e - a bread ration


   Skills:
 + Level 1.3 Fighting
 + Level 2.4 Throwing
 + Level 1.0 Armour
 - Level 2.0 Dodging
 * Level 2.1 Spellcasting
 + Level 3.1 Hexes


You had 5 spell levels left.
You knew the following spells:

 Your Spells              Type           Power        Failure   Level  Hunger
a - Corona                Hex            ##.....      10%         1    ##.....


Dungeon Overview and Level Annotations

Branches:
Dungeon (3/15)

Altars:
Elyvilon

Annotations:
D:3 Jessica


Message History

Jessica mumbles some strange words.
Jessica blinks!
The goblin closely misses you.
Unknown command.
Unknown command.
Unknown command.
MOVING TO (-7,-5)
The goblin hits you but does no damage.
Unknown command.
Unknown command.
Unknown command.
MOVING TO (-6,-4) Jessica is no longer moving quickly.
Jessica hits you but does no damage. Jessica hits you with a dagger.
Unknown command.
Unknown command.
Unknown command.
MOVING TO (-5,-3) Jessica gestures at you while chanting.
Pain shoots through your body!
You die...

##########
#........#
#...<....#
#........#
#........#
#.[......#
#....p...# ..
#....g.@.###....
#..........(....
#........###...
#........##
##...###<.#
>...###
#........ ......
#........ .....
#........


You could see Jessica and a goblin.

Table legend:
 A = Turns spent in this place as a percentage of turns spent in the entire game.
 B = Non-inter-level travel turns spent in this place as a percentage of non-inter-level travel turns spent in the entire game.
 C = Inter-level travel turns spent in this place as a percentage of turns spent in this place.
 D = Turns resting spent in this place as a percentage of non-inter-level travel turns spent in this place.
 E = Turns spent auto-exploring this place as a percentage of non-inter-level travel turns spent in this place.
 F = Non-inter-level travel turns spent in this place divided by the number of levels of this place that you've seen.
                   A       B       C       D       E      F
               +-------+-------+-------+-------+-------+----------------------
         Total | 100.0 | 100.0 |   0.4 |   2.1 |   2.4 | 728.0
       Dungeon | 100.0 | 100.0 |   0.4 |   2.1 |   2.4 | 728.0
               +-------+-------+-------+-------+-------+----------------------

Table legend:
 A = Kills in this place as a percentage of kills in entire the game.
 B = Kills by you in this place as a percentage of kills by you in the entire game.
 C = Kills by friends in this place as a percentage of kills by friends in the entire game.
 D = Other kills in this place as a percentage of other kills in the entire game.
 E = Experience gained in this place as a percentage of experience gained in the entire game.
 F = Experience gained in this place divided by the number of levels of this place that you have seen.
                   A       B       C       D       E      F
               +-------+-------+-------+-------+-------+----------------------
         Total | 100.0 | 100.0 |  -nan |  -nan | 100.0 |  18.3
       Dungeon | 100.0 | 100.0 |  -nan |  -nan | 100.0 |  18.3
               +-------+-------+-------+-------+-------+----------------------

Vanquished Creatures
  An ooze (D:2)
  3 giant geckos
  3 bats
  4 giant cockroaches
  2 hobgoblins
  2 jackals (D:1)
  4 kobolds
  A giant newt (D:1)
  3 goblins (D:1)
  6 rats
29 creatures vanquished.

Vanquished Creatures (others)
  A bat (D:2)
1 creature vanquished.

Grand Total: 30 creatures vanquished

Notes
Turn   | Place    | Note
--------------------------------------------------------------
     0 | D:1      | gw the Human Arcane Marksman began the quest for the Orb.
     0 | D:1      | Reached XP level 1. HP: 15/15 MP: 2/2
   159 | D:1      | Reached XP level 2. HP: 21/21 MP: 0/4
   602 | D:2      | Reached XP level 3. HP: 26/26 MP: 3/5
   756 | D:2      | Found a white marble altar of Elyvilon.
  1093 | D:2      | Reached skill level 1 in Armour
  1292 | D:3      | Noticed Jessica
  1345 | D:3      | HP: 1/26 [Jessica/dagger (3)]
  1346 | D:3      | Killed from afar by Jessica

Action                   || total
-------------------------++-------
Melee: Club              ||     8
       Short sword       ||     7
Throw: Javelin           ||    44
 Cast: Corona            ||    31
  Eat: Chunk             ||     2

Vault maps used:
D:1:      dpeg_arrival_shelter, grunt_decor_one_mirror, st_stairs_13,
          nrook_mini_vaults
D:2:      elyvilon_altar_4
D:3:      serial_glass, glass_columns_a, glass_columns_a, uniq_jessica
